 Dungeon Crawl Stone Soup version 0.21-a0-513-gdcb3f5e (webtiles) character file.

96 Dawnplanks the Shield-Bearer (level 4, -3/41 HPs)
             Began as a Gnoll Fighter on Dec 1, 2017.
             Slain by an orc priest
             ... wielding a +0 trident
              (7 damage)
             ... on level 4 of the Dungeon.
             The game lasted 00:03:34 (1742 turns).

Dawnplanks the Shield-Bearer (Gnoll Fighter)        Turns: 1742, Time: 00:03:36

Health: -3/41      AC:  7    Str: 19    XL:     4   Next: 67%
Magic:  5/5        EV:  8    Int: 14    God:
Gold:   189        SH: 10    Dex: 14    Spells: 5/5 levels left

rFire    . . .     SeeInvis .   a - +0 war axe
rCold    . . .     Gourm    .   c - +0 shield
rNeg     . . .     Faith    .   b - +0 scale mail
rPois    .         Spirit   .   (no helmet)
rElec    .         Reflect  .   (no cloak)
rCorr    .         Harm     .   (no gloves)
MR       .....                  (no boots)
Stlth    ..........             (no amulet)
HPRegen  0.13/turn              y - +3 ring of intelligence
MPRegen  0.09/turn              (no ring)

@: no status effects
A: distributed training, fangs 1, strong nose
a: no special abilities


You were on level 4 of the Dungeon.
You were not hungry.

You visited 1 branch of the dungeon, and saw 4 of its levels.

You collected 189 gold pieces.

Inventory:

Hand Weapons
 a - a +0 war axe (weapon)
Missiles
 h - 14 tomahawks (quivered)
 l - 31 poisoned needles
 w - 54 bolts
Armour
 b - a +0 scale mail (worn)
 c - a +0 shield (worn)
 u - a +0 shield
Jewellery
 y - a +3 ring of intelligence (left hand)
Scrolls
 e - a scroll of blinking {unknown}
 j - 3 scrolls of remove curse {unknown}
 n - 2 scrolls of immolation {unknown}
 p - 2 scrolls of identify {unknown}
 t - a scroll of magic mapping {unknown}
Potions
 d - a potion of might
 i - a potion of flight {unknown}
 k - 2 potions of heal wounds {unknown}
 m - 2 potions of lignification {unknown}
 r - a potion of curing {unknown}
 s - 2 potions of magic {unknown}
 v - a potion of haste {unknown}
 x - a potion of agility {unknown}
Comestibles
 f - 2 bread rations
 g - 4 fruits
 o - 5 royal jellies
 q - 3 meat rations


   Skills:
 + Level 6.6 Fighting
 + Level 1.2 Short Blades
 + Level 1.2 Long Blades
 + Level 4.6 Axes
 + Level 1.2 Maces & Flails
 + Level 1.2 Polearms
 + Level 1.2 Staves
 + Level 1.2 Slings
 + Level 1.2 Bows
 + Level 1.2 Crossbows
 + Level 1.2 Throwing
 + Level 6.6 Armour
 + Level 1.2 Dodging
 + Level 1.2 Stealth
 + Level 6.6 Shields
 + Level 1.2 Unarmed Combat
 + Level 1.2 Spellcasting
 + Level 1.0 Conjurations
 + Level 1.0 Hexes
 + Level 1.0 Charms
 + Level 1.0 Summonings
 + Level 1.0 Necromancy
 + Level 1.0 Translocations
 + Level 1.0 Transmutations
 + Level 1.0 Fire Magic
 + Level 1.0 Ice Magic
 + Level 1.0 Air Magic
 + Level 1.0 Earth Magic
 + Level 1.0 Poison Magic
 + Level 1.3 Invocations
 + Level 1.2 Evocations


You had 5 spell levels left.
You didn't know any spells.

Dungeon Overview and Level Annotations

Branches:
Dungeon (4/15)
 Temple: D:4-7

Altars:
Elyvilon
Gozag
Nemelex Xobeh
Qazlal


Innate Abilities, Weirdness & Mutations

Your experience applies equally to all skills.
You have very sharp teeth.
Your uncanny sense of smell can sniff out nearby items.


Message History

Pain shoots through your body! You block the orc's attack.
You block the hound's attack. The orc priest hits you with a trident.
* * * LOW HITPOINT WARNING * * *
Your shield and scale mail prevent you from hitting the orc priest.
The orc priest is heavily wounded.
You hit the orc.
You kill the orc!
You closely miss the hound. The hound bites you.
* * * LOW HITPOINT WARNING * * *
The orc wizard barely misses you. The hound bites you.
* * * LOW HITPOINT WARNING * * *
The orc priest hits you with a trident.
* * * LOW HITPOINT WARNING * * *
You hit the orc priest.
The orc priest is almost dead.
You hit the hound. You barely miss the orc wizard.
The orc wizard closely misses you. You block the hound's attack.
The orc wizard hits you but does no damage.
The orc priest hits you with a trident!
You die...

#...# #...# . #...#
.. ##...##..#
#.......##
..#######........#
⌠......<#...# ..#
............##...#
#..........o@o#
.............h....#
.............#...<#
......[......###...#
.............# #..
?.$.........## .
..........## ......


You could see a hound, an orc priest and an orc wizard.

Vanquished Creatures
  A howler monkey zombie (D:2)
  5 worms (D:2)
  2 dart slugs
  2 leopard geckos
  An orc (D:4)
  5 bats
  5 giant cockroaches
  8 hobgoblins
  2 jackals (D:2)
  6 kobolds
  A quokka (D:3)
  6 frilled lizards
  8 goblins
  8 rats
60 creatures vanquished.

Notes
Turn   | Place    | Note
-------+----------+-------------------------------------------
     0 | D:1      | Dawnplanks the Gnoll Fighter began the quest for the Orb.
     0 | D:1      | Reached XP level 1. HP: 23/23 MP: 1/1
   150 | D:1      | Reached XP level 2. HP: 28/29 MP: 2/2
   664 | D:2      | Reached XP level 3. HP: 27/35 MP: 3/3
   825 | D:2      | Reached skill level 1 in Invocations
   854 | D:2      | Reached skill level 1 in Short Blades
   854 | D:2      | Reached skill level 1 in Long Blades
   854 | D:2      | Reached skill level 1 in Maces & Flails
   854 | D:2      | Reached skill level 1 in Polearms
   854 | D:2      | Reached skill level 1 in Staves
   854 | D:2      | Reached skill level 1 in Slings
   854 | D:2      | Reached skill level 1 in Bows
   854 | D:2      | Reached skill level 1 in Crossbows
   854 | D:2      | Reached skill level 1 in Throwing
   854 | D:2      | Reached skill level 1 in Dodging
   854 | D:2      | Reached skill level 1 in Stealth
   854 | D:2      | Reached skill level 1 in Unarmed Combat
   854 | D:2      | Reached skill level 1 in Spellcasting
   854 | D:2      | Reached skill level 1 in Evocations
   907 | D:2      | Reached XP level 4. HP: 41/41 MP: 5/5
   931 | D:2      | Found a stormy altar of Qazlal.
  1422 | D:3      | Found a white marble altar of Elyvilon.
  1527 | D:3      | Found an opulent altar of Gozag.
  1529 | D:3      | Found a sparkling altar of Nemelex Xobeh.
  1612 | D:3      | Reached skill level 1 in Conjurations
  1612 | D:3      | Reached skill level 1 in Hexes
  1612 | D:3      | Reached skill level 1 in Charms
  1612 | D:3      | Reached skill level 1 in Summonings
  1612 | D:3      | Reached skill level 1 in Necromancy
  1612 | D:3      | Reached skill level 1 in Translocations
  1612 | D:3      | Reached skill level 1 in Transmutations
  1612 | D:3      | Reached skill level 1 in Fire Magic
  1612 | D:3      | Reached skill level 1 in Ice Magic
  1612 | D:3      | Reached skill level 1 in Air Magic
  1612 | D:3      | Reached skill level 1 in Earth Magic
  1612 | D:3      | Reached skill level 1 in Poison Magic
  1742 | D:4      | Slain by an orc priest

Vault maps used:
D:1:      roderic_crop_circles_arrival_large, dk_noncrumbling_2
D:2:      nicolae_qazlal_general_emergency, minmay_surrounded
D:3:      grunt_temple_overflow_opulence, elyvilon_altar_5
D:4:      cheibrodos_fertilizer, zin_academy, nemelex_xobeh_ov_fountains_minmay

Skill      XL: |  1  2  3  4 |
---------------+-------------+-----
Invocations    | 1 |  1.3
Short Blades   | 1 |  1.2
Long Blades    | 1 |  1.2
Maces & Flails | 1 |  1.2
Polearms       | 1 |  1.2
Staves         | 1 |  1.2
Slings         | 1 |  1.2
Bows           | 1 |  1.2
Crossbows      | 1 |  1.2
Throwing       | 1 |  1.2
Dodging        | 1 |  1.2
Stealth        | 1 |  1.2
Unarmed Combat | 1 |  1.2
Spellcasting   | 1 |  1.2
Evocations     | 1 |  1.2
Conjurations   | 1 |  1.0
Hexes          | 1 |  1.0
Charms         | 1 |  1.0
Summonings     | 1 |  1.0
Necromancy     | 1 |  1.0
Translocations | 1 |  1.0
Transmutations | 1 |  1.0
Fire Magic     | 1 |  1.0
Ice Magic      | 1 |  1.0
Air Magic      | 1 |  1.0
Earth Magic    | 1 |  1.0
Poison Magic   | 1 |  1.0
Fighting       | |  6.6
Axes           | |  4.6
Armour         | |  6.6
Shields        | |  6.6

Action                   |  1- 3 |  4- 6 || total
-------------------------+-------+-------++-------
Melee: War axe           |    78 |    64 ||   142
       Bite              |     8 |     7 ||    15
  Eat: Chunk             |       |     3 ||     3
Armor: Scale mail        |    17 |    14 ||    31
Dodge: Dodged            |    32 |    20 ||    52
Block: Shield            |    50 |    28 ||    78

Table legend:
 A = Spawn XP
 B = Non-spawn XP
 C = Spawn XP percentage of total XP
 D = Spawn monster count
 E = Non-spawn monster count
 F = Spawn count percentage of total count
 G = Total turns spent on level
                    A         B        C        D         E        F      G
               +---------+---------+-------+---------+---------+-------+---------
         Total |       0 |     138 |   0.0 |       0 |      60 |   0.0 |  1742
               +---------+---------+-------+---------+---------+-------+---------
           D:1 |       0 |      30 |   0.0 |       0 |      19 |   0.0 |   638
           D:2 |       0 |      76 |   0.0 |       0 |      23 |   0.0 |   583
           D:3 |       0 |      29 |   0.0 |       0 |      17 |   0.0 |   509
           D:4 |       0 |       3 |   0.0 |       0 |       1 |   0.0 |    12
               +---------+---------+-------+---------+---------+-------+---------
